 Dungeon Crawl Stone Soup version 0.30-a0-140-gd1020e658a (webtiles) character file.

Game seed: 7638437416471309501

128 themarg the Magician (level 5, -1/35 HPs)
             Began as a Djinni Fire Elementalist on Sept 24, 2022.
             Frozen to death by an endoplasm (4 damage)
             ... on level 2 of the Dungeon.
             The game lasted 00:08:26 (2992 turns).

themarg the Magician (Djinni Fire Elementalist)     Turns: 2992, Time: 00:08:26

Health: -1/35      AC:  3    Str:  7    XL:     5   Next: 34%
Gold:   74         EV: 12    Int: 19    God:
                   SH:  0    Dex: 13

rFire   + + .      SeeInvis +    d - +0 dagger
rCold   x . .      Faith    .    (no shield)
rNeg    . . .      Spirit   .    a - +0 robe
rPois   ∞          Reflect  .    f - +0 helmet
rElec   .          Harm     .    (no cloak)
rCorr   .          Rampage  .    (no gloves)
Will    .....                    (boots unavailable)
Stlth   ++........               (no amulet)
HPRegen 0.11/turn                m - ring of see invisible
MPRegen 0.00/turn                (no ring)

@: flying, hasted, very quick
A: sickness immunity, fire resistance 2, cold vulnerability 1, float, innate
caster, HP casting, extra vitality 1
a: no special abilities


You were on level 2 of the Dungeon.
You visited 1 branch of the dungeon, and saw 2 of its levels.

You collected 74 gold pieces.

Inventory:

Hand Weapons
 d - a +0 dagger (weapon)
Missiles
 c - 4 poisoned darts
 l - 3 datura-tipped darts
Armour
 a - a +0 robe (worn)
 f - a +0 helmet (worn)
Jewellery
 m - a ring of see invisible (left hand)
 p - a ring of protection from fire
 q - an amulet of faith
Wands
 o - a wand of mindburst (23)
Scrolls
 b - 2 scrolls of immolation {unknown}
 g - 2 scrolls of teleportation {unknown}
 k - 2 scrolls of fear {unknown}
Potions
 e - 5 potions of curing
 h - a potion of haste
 i - a potion of degeneration {unknown}
 j - 2 potions of invisibility {unknown}
 n - a potion of heal wounds {unknown}


   Skills:
 - Level 2.3 Dodging
 * Level 3.2 Stealth
 * Level 3.4 Spellcasting
 + Level 0.8 Evocations


You couldn't memorise any spells.
You knew the following spells:

 Your Spells              Type           Power      Damage    Failure   Level
a - Foxfire               Conj/Fire      64%        2x1d7     3%          1
b - Scorch                Fire           32%        2d6       5%          2
c - Kindle Blastsparks    Fire/Tloc/Air  32%        2d12      11%         3
d - Inner Flame           Hex/Fire       16%        N/A       11%         3
e - Flame Wave            Conj/Fire      16%        2d7       34%         4
f - Apportation           Tloc           32%        N/A       3%          1
g - Call Imp              Summ           16%        N/A       5%          2
Your spell library was empty.

Dungeon Overview and Level Annotations

Branches:
Dungeon (2/15)

Altars:


Innate Abilities, Weirdness & Mutations

You are immune to sickness and miasma.
You are immune to poison.
Your flesh is very heat resistant. (rF++)
You are vulnerable to cold. (rC-)
You float through the air rather than walking.
You learn spells naturally, not from books.
Your magical power is your life essence.
You have superior vitality. (+4 MHP)


Message History

Aim: a jelly (moderately wounded, not susceptible)
Okay, then.
Casting: Scorch (safe; 6% risk of failure)
Confirm with . or Enter, or press ? or * to list all spells.
Flames lash the jelly.
The jelly is severely wounded.
The jelly's fire resistance burns away.
The endoplasm jiggles.
The endoplasm misses you.
Casting: Scorch (safe; 6% risk of failure)
Confirm with . or Enter, or press ? or * to list all spells.
Flames lash the jelly.
The jelly is burned terribly!
You kill the jelly!
The endoplasm hits you but does no damage.
You have reached level 5!
The power to cast Call Imp wells up from within.
Spell assigned to 'g'.
Casting: Scorch (safe; 5% risk of failure)
Confirm with . or Enter, or press ? or * to list all spells.
Flames lash the endoplasm.
You kill the endoplasm!
* * * LOW HITPOINT WARNING * * *
Casting: Scorch (safe; 5% risk of failure)
Confirm with . or Enter, or press ? or * to list all spells.
Flames lash the endoplasm.
You kill the endoplasm!
* * * LOW HITPOINT WARNING * * *
Casting: Scorch (safe; 5% risk of failure)
Confirm with . or Enter, or press ? or * to list all spells.
Flames lash the endoplasm.
You kill the endoplasm!
* * * LOW HITPOINT WARNING * * *
The endoplasm hits you.
* * * LOW HITPOINT WARNING * * *
Things that are here:
a +0 short sword; a kobold corpse It was a potion of haste.
You feel yourself speed up. The endoplasm freezes you.
You are frozen.
You feel a terrible chill!
You die...

###### #### .....÷#
######## #..#
P..÷..J##....).#####
##.## #.#.......##.#
#..# #J#........'.##
##.## #J#........'..#
#..# #@#'#......'..#
###.## #.#.#.....##).#
##..# #.#.#....###..#
....# ##.####### #.##
#...# ### #.# ..#)#
###### ### #########)#
.##.####....#
#.###.##.)..).#
###.........#
#.##.....###### #
######....###.##....##


You could see a jelly and 2 endoplasms.

Vanquished Creatures
  A jelly (D:2)
  An adder (D:2)
  2 worms (D:2)
  3 dart slugs
  9 endoplasms (D:2)
  2 giant cockroaches
  8 goblins
  6 hobgoblins
  6 jackals
  4 quokkas
  4 ball pythons
  5 bats
  3 frilled lizards
  14 kobolds
  4 rats
72 creatures vanquished.

Vanquished Creatures (others)
  40 foxfires
  A fungus (D:2)
  10 toadstools (D:2)
51 creatures vanquished.

Grand Total: 123 creatures vanquished

Notes
Turn   | Place    | Note
-------+----------+-------------------------------------------
     0 | D:1      | themarg the Djinni Fire Elementalist began the quest for
                  | the Orb.
     0 | D:1      | themarg set off with the following spells memorised:
                  | Foxfire, Scorch, Kindle Blastsparks, Inner Flame, Flame
                  | Wave.
     0 | D:1      | Reached XP level 1. HP: 15/15 MP: 0/0
   278 | D:1      | Reached XP level 2. HP: 18/21 MP: 0/0
   510 | D:1      | You are sucked into a shaft and drop 1 floor!
   551 | D:2      | Reached XP level 3. HP: 18/25 MP: 0/0
   551 | D:2      | Learned a level 1 spell: Apportation
  1539 | D:1      | Reached XP level 4. HP: 29/31 MP: 0/0
  2591 | D:2      | Found a faded altar of an unknown god.
  2988 | D:2      | Reached XP level 5. HP: 12/35 MP: 0/0
  2988 | D:2      | Learned a level 2 spell: Call Imp
  2992 | D:2      | Frozen to death by an endoplasm

Illustrated notes

Levels and vault maps discovered:
D:1:      amcnicky_arrival_wind_blow, layout_loops_ring,
          nicolae_concentric_dashed_squares_wild, minmay_statues_item,
          minmay_box_of_dots
D:2:      cheibrodos_fertilizer, layout_rooms, nicolae_ecumenical_pavilion,
          hangedman_decor_peaks_small, minmay_misc_feat_alley

Skill      XL: |  1  2  3  4 |
---------------+-------------+-----
Stealth        | 2 3 |  3.2
Spellcasting   | 3 |  3.4
Dodging        | |  2.3
Evocations     | |  0.8

Action                   |  1- 3 |  4- 6 || total
-------------------------+-------+-------++-------
Melee: Dagger            |     8 |     5 ||    13
 Cast: Foxfire           |    24 |     7 ||    31
       Scorch            |    24 |    46 ||    70
  Use: Potion            |       |     2 ||     2
Armor: Robe              |     2 |     3 ||     5
Dodge: Dodged            |    11 |     8 ||    19

Table legend: (Time is in decaauts)
 A = Elapsed time spent in this place.
 B = Non-inter-level travel time spent in this place.
 C = Inter-level travel time spent in this place.
 D = Time resting spent in this place.
 E = Time spent auto-exploring this place.
 F = Levels seen in this place.
 G = Mean time per level.
                   A        B        C        D        E       F      G
               +--------+--------+--------+--------+--------+-----+--------+
         Total |   2991 |   2959 |     32 |   1630 |    828 |   2 | 1495.5 |
       Dungeon |   2991 |   2959 |     32 |   1630 |    828 |   2 | 1495.5 |
               +--------+--------+--------+--------+--------+-----+--------+

Top non-repeatable levels by time:
     D:1: 1613 daAuts
     D:2: 1378 daAuts
